 Dungeon Crawl Stone Soup version 0.15.2 (webtiles) character file.

82 ztt the Gusty (level 4, -1/33 HPs)
             Began as a Demigod Air Elementalist on Nov 6, 2014.
             Slain by Sigmund
             ... wielding a +0 scythe
              (10 damage)
             ... on Level 2 of the Dungeon.
             The game lasted 00:04:57 (2174 turns).

ztt the Gusty (Demigod Air Elementalist)            Turns: 2174, Time: 00:04:57

HP  -1/33        AC  2     Str 12      XL: 4   Next:  1%
MP   0/11        EV 13     Int 20      God:
Gold 44          SH  0     Dex 17      Spells:  2 memorised,  5 levels left

rFire  . . .     SeeInvis .     h - +0 dagger
rCold  . . .     Clarity  .     a - +0 robe
rNeg   . . .     rCorr    .     (no shield)
rPois  .         rRot     .     (no helmet)
rElec  .         Spirit   .     (no cloak)
SustAb .         Warding  .     (no gloves)
rMut   .         Stasis   .     (no boots)
Gourm  .                        (no amulet)
MR     .....                    (no ring)
                                (no ring)

@: very slightly contaminated, not resistant to hostile enchantments, unstealthy
A: no striking features
a: no special abilities


You were on level 2 of the Dungeon.
You were not hungry.

You visited 1 branch of the dungeon, and saw 2 of its levels.

You collected 44 gold pieces.

Inventory:

Hand weapons
 h - a +0 dagger (weapon)
Armour
 a - a +0 robe (worn)
Comestibles
 c - a bread ration
 g - 2 meat rations
 m - 3 beef jerkies
Scrolls
 d - 2 scrolls of recharging
 e - a scroll of remove curse
 i - a scroll of identify
Potions
 k - 2 potions of curing
 l - a potion of invisibility
 n - a potion of haste
 o - a potion of restore abilities
Books
 b - a book of Air

   Spells                             Type                      Level
   *Shock                             Conjuration/Air              1
   Swiftness                          Charms/Air                   2
   *Repel Missiles                    Charms/Air                   2
   Flight                             Charms/Air                   3
   Static Discharge                   Conjuration/Air              3
   Lightning Bolt                     Conjuration/Air              5


   Skills:
 + Level 0.1 Fighting
 + Level 2.2 Dodging
 + Level 2.2 Stealth
 + Level 2.5 Spellcasting
 + Level 1.3 Conjurations
 + Level 3.2 Air Magic


You had 5 spell levels left.
You knew the following spells:

 Your Spells              Type           Power        Failure   Level  Hunger
a - Shock                 Conj/Air       ##..         10%         1    None
b - Repel Missiles        Chrm/Air       #.....       14%         2    ##.....


Dungeon Overview and Level Annotations

Branches:
Dungeon (2/15)

Annotations:
D:2 Sigmund


Message History

Sigmund points at you and mumbles some strange words.
The magic dart hits you!
Casting: Shock
Confirm with . or Enter, or press ? or * to list all spells.
Aiming: Shock
Press: ? - help, Shift-Dir - straight line, f/p - Sigmund
Aim: Sigmund, wielding a scythe and wearing a robe (moderately wounded)
The zap misses Sigmund.
Sigmund casts a spell.
Sigmund flickers and vanishes!
Deactivating autopickup; reactivate with Ctrl-A.
Casting: Shock
Confirm with . or Enter, or press ? or * to list all spells.
You don't have enough magic to cast that spell.
Unknown command.
You hear some strange, mumbled words.
The magic dart hits you!
* * * LOW HITPOINT WARNING * * *
You hit something. Something hits you!
You die...

###.#..###...#.#########
......(................#
###..........#.#.#######
......########.#.#
###.#.# #.#.# ....#.#
#.#.# #.###.# #.#.# #.#
#.# #.#.# #.# #.#
#####.#@# #.# #.#
#......#.# #.# #.#
.....#.#.# ..#
###...#.#.# #.#
........#(# #.#
...........#######
#.###..###.#..%........#
...........#...#..######
#>###. ...#...#..#


There were no monsters in sight!

Vanquished Creatures
  5 adders (D:2)
  A worm (D:2)
  A giant gecko (D:1)
  An ooze (D:2)
  3 bats (D:1)
  6 goblins
  2 hobgoblins
  6 jackals
  4 kobolds
  4 rats
33 creatures vanquished.

Notes
Turn   | Place    | Note
--------------------------------------------------------------
     0 | D:1      | ztt, the Demigod Air Elementalist, began the quest for the Orb.
     0 | D:1      | Reached XP level 1. HP: 14/14 MP: 3/3
   150 | D:1      | Reached skill level 1 in Conjurations
   236 | D:1      | Reached skill level 3 in Air Magic
   412 | D:1      | Reached XP level 2. HP: 8/20 MP: 1/4
   676 | D:1      | Learned a level 2 spell: Repel Missiles
  1106 | D:2      | Reached XP level 3. HP: 26/26 MP: 0/8
  2115 | D:2      | Reached XP level 4. HP: 31/33 MP: 5/11
  2148 | D:2      | Noticed Sigmund
  2174 | D:2      | Slain by Sigmund

Action                   |  1- 3 |  4- 6 || total
-------------------------+-------+-------++-------
Melee: Unarmed           |     2 |       ||     2
       Dagger            |    27 |     1 ||    28
 Cast: Shock             |    75 |    11 ||    86
  Use: Scroll            |       |     8 ||     8
  Eat: Chunk             |     4 |       ||     4
